 Dungeon Crawl Stone Soup version 0.28-a0-998-gb9e9c7b (webtiles) character file.

Game seed: 18413644315736107708

55 Remcycle the Poker (level 3, 0/27 HPs)
             Began as a Merfolk Gladiator on Dec 5, 2021.
             Succumbed to an adder's poison
             ... on level 2 of the Dungeon.
             The game lasted 00:02:05 (1075 turns).

Remcycle the Poker (Merfolk Gladiator)              Turns: 1075, Time: 00:02:06

Health: 0/27       AC:  4    Str: 16    XL:     3   Next: 93%
Magic:  3/3        EV: 13    Int:  7    God:
Gold:   23         SH:  0    Dex: 15    Spells: 2/2 levels left

rFire   . . .      SeeInvis .   a - +1 trident
rCold   . . .      Faith    .   (no shield)
rNeg    . . .      Spirit   .   b - +0 leather armour
rPois   .          Reflect  .   c - +0 helmet
rElec   .          Harm     .   (no cloak)
rCorr   .          Rampage  .   (no gloves)
Will    .....                   (no boots)
Stlth   +.........              (no amulet)
HPRegen 0.09/turn               (no ring)
MPRegen 0.08/turn               (no ring)

@: lethally poisoned (0 -> -2)
A: (nimble swimmer 2), mertail
a: no special abilities


You were on level 2 of the Dungeon.
You visited 1 branch of the dungeon, and saw 2 of its levels.

You collected 23 gold pieces.

Inventory:

Hand Weapons
 a - a +1 trident (weapon)
Missiles
 d - 3 throwing nets (quivered)
 g - 3 curare-tipped darts
Armour
 b - a +0 leather armour (worn)
 c - a +0 helmet (worn)
Scrolls
 e - a scroll of noise {unknown}
 f - a scroll of enchant weapon


   Skills:
 - Level 2.1 Fighting
 + Level 6.9 Polearms
 - Level 2.0 Throwing
 - Level 4.0 Dodging


You had 2 spell levels left.
You didn't know any spells.
Your spell library was empty.

Dungeon Overview and Level Annotations

Branches:
Dungeon (2/15)

Altars:

Shops:
D:2 =


Innate Abilities, Weirdness & Mutations

((You are quick and stealthy near water. (Stealth+, EV+, Speed+++)))
Your lower body shifts to a powerful aquatic tail in water.


Message History

The adder is severely wounded.
You feel sick. The adder completely misses you.
You hit the adder.
The adder is severely wounded.
You feel sick.
A bat comes into view.
The adder bites you but does no damage. The adder bites you.
* * * LOW HITPOINT WARNING * * *
Your leather armour prevents you from hitting the adder.
The adder is severely wounded.
You feel sick. The adder barely misses you.
You barely miss the adder.
The adder is severely wounded.
You feel sick. The adder closely misses you.
You hit the adder.
The adder is almost dead.
You feel sick.
You are no longer poisoned.
The adder bites you.
* * * LOW HITPOINT WARNING * * *
You are lethally poisoned!
The adder poisons you!
As you read the scroll labelled IXTEOC XOUMOFA HYI, it crumbles to dust.
It is a scroll of enchant weapon.
Your +0 trident glows red for a moment.
* * * LOW HITPOINT WARNING * * *
You feel sick. The adder closely misses you. The adder misses you.
You completely miss the adder.
The adder is almost dead.
* * * LOW HITPOINT WARNING * * *
You feel sick. The adder barely misses you.
You closely miss the adder.
The adder is almost dead.
* * * LOW HITPOINT WARNING * * *
You feel sick. The bat barely misses you.
The adder bites you but does no damage.
You puncture the adder!
You kill the adder!
The bat hits you but does no damage.
You die...

##### ###...#
#####.....#
.......@..#####
####....b...... .
#....#######
####.#........#
...#.#..#.###.#####..
............∩........
.....................
........#.....#####.#
...#....#.....##


You could see a bat.

Vanquished Creatures
  2 adders (D:2)
  A dart slug (D:1)
  2 ball pythons (D:1)
  4 endoplasms (D:1)
  2 giant cockroaches (D:1)
  2 goblins (D:1)
  3 hobgoblins (D:1)
  3 bats
  4 frilled lizards
  8 kobolds (D:1)
  4 rats (D:1)
35 creatures vanquished.

Notes
Turn   | Place    | Note
-------+----------+-------------------------------------------
     0 | D:1      | Remcycle the Merfolk Gladiator began the quest for the Orb.
     0 | D:1      | Reached XP level 1. HP: 16/16 MP: 1/1
   315 | D:1      | Reached skill level 5 in Polearms
   317 | D:1      | Reached XP level 2. HP: 20/22 MP: 2/2
   733 | D:1      | Reached skill level 6 in Polearms
   733 | D:1      | Reached XP level 3. HP: 27/27 MP: 3/3
  1028 | D:2      | Found Xoar's Jewellery Boutique.
  1073 | D:2      | HP: 1/27 [poisoned by an adder]
  1075 | D:2      | Succumbed to an adder's poison

Illustrated notes

Levels and vault maps discovered:
D:1:      amcnicky_arrival_choice, layout_basic, serial_corexii_hall,
          chequers_hall_statues_y, corexii_hall_statues_i,
          corexii_hall_statues_l, chequers_hall_statues_corner_a
D:2:      layout_basic, serial_shops, shop, minmay_hexomino_c4

Skill      XL: |  1  2 |
---------------+-------+-----
Polearms       | 5 6 |  6.9
Fighting       | |  2.1
Throwing       | |  2.0
Dodging        | |  4.0

Action                   || total
-------------------------++-------
Melee: Trident           ||    99
  Use: Scroll            ||     1
 Stab: Sleeping          ||     1
Armor: Leather armour    ||    12
Dodge: Dodged            ||    59

Table legend: (Time is in decaauts)
 A = Elapsed time spent in this place.
 B = Non-inter-level travel time spent in this place.
 C = Inter-level travel time spent in this place.
 D = Time resting spent in this place.
 E = Time spent auto-exploring this place.
 F = Levels seen in this place.
 G = Mean time per level.
                   A        B        C        D        E       F      G
               +--------+--------+--------+--------+--------+-----+--------+
         Total |   1075 |   1075 |      0 |      0 |    863 |   2 |  537.5 |
       Dungeon |   1075 |   1075 |      0 |      0 |    863 |   2 |  537.5 |
               +--------+--------+--------+--------+--------+-----+--------+

Top non-repeatable levels by time:
     D:1: 1029 daAuts
     D:2: 45 daAuts
